 Dungeon Crawl Stone Soup version 0.24.0-123-gd5b16e6ec5 (webtiles) character file.

Game seed: 11922920570206433973, levelgen mode: deterministic

130 Martska the Chucker (level 5, -16/54 HPs)
             Began as an Ogre Hunter on Feb 9, 2020.
             Killed from afar by a hobgoblin (21 damage)
             ... with an exploding inner flame
             ... led by Robin
             ... hexed by the player character
             ... on level 3 of the Dungeon.
             The game lasted 00:06:16 (2214 turns).

Martska the Chucker (Ogre Hunter)                   Turns: 2214, Time: 00:06:16

Health: -16/54     AC:  3    Str: 16    XL:     5   Next: 14%
Magic:  5/5        EV: 10    Int: 12    God:
Gold:   116        SH:  0    Dex: 10    Spells: 4/4 levels left

rFire    . . .     SeeInvis .   d - +1 whip (elec)
rCold    . . .     Gourm    .   (no shield)
rNeg     . . .     Faith    .   b - +0 robe
rPois    .         Spirit   .   (helmet restricted)
rElec    .         Reflect  .   (no cloak)
rCorr    .         Harm     .   (gloves unavailable)
MR       .....                  (boots unavailable)
Stlth    ++........             (no amulet)
HPRegen  0.18/turn              (no ring)
MPRegen  0.09/turn              (no ring)

@: no status effects
A: large, unfitting armour, tough skin 1
a: no special abilities


You were on level 3 of the Dungeon.
You were not hungry.

You visited 1 branch of the dungeon, and saw 3 of its levels.

You collected 116 gold pieces.

Inventory:

Hand Weapons
 a - a +0 short sword
 d - a +1 whip of electrocution (weapon)
 i - a +0 club
 n - a +0 mace
Missiles
 l - 91 stones (quivered)
 m - a throwing net
Armour
 b - a +0 robe (worn)
Wands
 r - a wand of paralysis (7)
Scrolls
 j - 2 scrolls of immolation
 k - a scroll of magic mapping
 o - 2 scrolls of identify
 p - a scroll of remove curse
Potions
 e - a potion of curing
 g - a potion of magic {unknown}
 h - 2 potions of brilliance {unknown}
 q - a potion of invisibility {unknown}
Comestibles
 f - 4 rations


   Skills:
 * Level 4.1 Fighting
 * Level 2.1 Maces & Flails
 + Level 4.4 Throwing
 + Level 2.2 Dodging
 + Level 1.6 Stealth


You had 4 spell levels left.
You didn't know any spells.
Your spell library was empty.

Dungeon Overview and Level Annotations

Branches:
Dungeon (3/15)

Altars:

Annotations:
D:3 Robin


Innate Abilities, Weirdness & Mutations

You are too large for most types of armour.
You have tough skin. (AC +1)


Message History

The goblin hits you but does no damage. The hobgoblin hits you with a +0 club.
* * * LOW HITPOINT WARNING * * *
A goblin comes into view. It is wielding a +0 dagger.
It was a potion of curing.
You feel better. The goblin misses you. The hobgoblin misses you.
You hit the goblin.
The goblin explodes!
The fiery explosion engulfs you!
* * * LOW HITPOINT WARNING * * *
The hobgoblin closely misses you. Robin throws the goblin at you!
* * * LOW HITPOINT WARNING * * *
You hit the hobgoblin.
The hobgoblin is almost dead.
The goblin hits you with a cursed -1 dagger.
* * * LOW HITPOINT WARNING * * *
The hobgoblin hits you but does no damage.
You hit the hobgoblin.
The hobgoblin explodes!
The fiery explosion engulfs you!!
You die...

##.#### ## #.....###.
##...#.##..
#......#...
###***###.........
#%.,,,,....##.###.
#§#****##..##.# ##
#g# #..##.# #@#
#.....# #§# ##...###
##g## ##.....##
##ggg# ##.......#*
##.grg###........>###
#...g...'.........+..
##....###.........###
##.#.# ##.......## #
*###.#**##.....## #


You could see Robin (inner flame), 2 hobgoblins, 5 goblins and a rat (inner
flame).

Vanquished Creatures
  A worker ant (D:2)
  3 gnolls (D:2)
  3 adders (D:2)
  A dart slug (D:2)
  A leopard gecko (D:2)
  2 giant cockroaches
  6 hobgoblins
  2 jackals (D:2)
  A quokka (D:2)
  A ball python (D:1)
  4 bats
  4 frilled lizards
  9 goblins
  5 kobolds
  8 rats
51 creatures vanquished.

Notes
Turn   | Place    | Note
-------+----------+-------------------------------------------
     0 | D:1      | Martska the Ogre Hunter began the quest for the Orb.
     0 | D:1      | Reached XP level 1. HP: 22/22 MP: 1/1
   242 | D:1      | Reached XP level 2. HP: 12/29 MP: 2/2
   555 | D:1      | Reached skill level 1 in Stealth
   877 | D:2      | Reached skill level 1 in Maces & Flails
   877 | D:2      | Reached XP level 3. HP: 35/37 MP: 3/3
   925 | D:2      | Reached XP level 4. HP: 5/45 MP: 4/4
  1905 | D:2      | Reached XP level 5. HP: 52/54 MP: 5/5
  2187 | D:3      | Noticed Robin
  2214 | D:3      | Killed from afar by a hobgoblin

Levels and vault maps discovered:
D:1:      saegor_arrival_under_anarchy, layout_basic, hex_intersection
D:2:      layout_loops_corners
D:3:      layout_loops_corners, minitemple, uniq_robin

Skill      XL: |  1  2  3  4 |
---------------+-------------+-----
Fighting       | 3 4 |  4.1
Stealth        | 1 |  1.6
Dodging        | 2 |  2.2
Maces & Flails | 1 2 |  2.1
Throwing       | |  4.4

Action                   |  1- 3 |  4- 6 || total
-------------------------+-------+-------++-------
Melee: Short sword       |    31 |       ||    31
       Club              |    65 |       ||    65
       Whip              |       |    68 ||    68
Throw: Large rock        |     7 |     9 ||    16
       Throwing net      |     2 |       ||     2
  Use: Scroll            |       |     3 ||     3
       Potion            |       |     1 ||     1
 Stab: Sleeping          |     2 |     3 ||     5
  Eat: Chunk             |       |     3 ||     3
       Ration            |       |     1 ||     1
Armor: Robe              |    42 |    16 ||    58
Dodge: Dodged            |    63 |    45 ||   108
